 Dungeon Crawl Stone Soup version 0.21.0-3-g78d12a8 (webtiles) character file.

236529 dobroeutro the Fencer (level 18, -21/153 HPs)
             Began as a Demonspawn Fighter on Jan 16, 2018.
             Was the Champion of Dithmenos.
             Shot with an arrow by a deep elf master archer (27 damage)
             ... on level 3 of the Elven Halls.
             The game lasted 01:34:49 (45954 turns).

dobroeutro the Fencer (Demonspawn Fighter)         Turns: 45954, Time: 01:34:50

Health: -21/153    AC: 18    Str: 22    XL:     18   Next: 94%
Magic:  18/18      EV: 25    Int: 14    God:    Dithmenos [******]
Gold:   3105       SH: 13    Dex: 21    Spells: 17/17 levels left

rFire    + + +     SeeInvis +   K - +9 scimitar (venom)
rCold    + + .     Gourm    .   V - +2 shield of Resistance {rF+ rC+ MR+}
rNeg     + . .     Faith    .   D - +0 steam dragon scales
rPois    +         Spirit   .   b - +1 helmet {SInv}
rElec    +         Reflect  .   r - +0 cloak
rCorr    .         Harm     .   h - +0 pair of gloves {archery}
MR       ++++.     Rnd*Rage +   T - +1 pair of boots
Stlth    ++++++++..             Q - amulet of Zaicsutt {RegenMP rF+ rC+ MR+}
HPRegen  0.35/turn              W - ring of the Octopus King {rF+ AC+1 EV+1 Str+1 Int+1 Dex+1}
MPRegen  0.41/turn              P - ring of Salvation {rElec rN+ MR+ Str+3 Stlth+}

@: wreathed by umbra
A: claws 2, thin skeletal structure 3, berserk 1, clever 1, demonic guardian 2,
fire resistance 1, sense surroundings 1, poison resistance, weak 2, augmentation
2, flame cloud immunity
}: 1/15 runes: serpentine
a: Shadow Step, Shadow Form, Renounce Religion


You were on level 3 of the Elven Halls.
You worshipped Dithmenos.
Dithmenos was exalted by your worship.
You were hungry.

You visited 6 branches of the dungeon, and saw 31 of its levels.
You visited the Abyss 1 time.
You also visited: Labyrinth, Ossuary, Ice Cave, Volcano and Desolation.

You collected 3345 gold pieces.
You spent 240 gold pieces at shops.

Inventory:

Hand Weapons
 a - a +4 scimitar
 K - a +9 scimitar of venom (weapon)
Armour
 b - a +1 helmet of see invisible (worn)
 h - a +0 pair of gloves of archery (worn)
 n - a +0 scale mail of positive energy
 r - a +0 cloak (worn)
 D - +0 steam dragon scales (worn)
 R - a +2 shield of positive energy
 T - a +1 pair of boots (worn)
 V - the +2 shield of Resistance (worn) {rF+ rC+ MR+}
   (You found it in the Desolation of Salt)

   It protects you from fire.
   It protects you from cold.
   It affects your resistance to hostile enchantments.
Jewellery
 c - the amulet "Eshrixu" {Fragile +Rage rF+ MR++ Str+4}
   (You found it in the Desolation of Salt)

   [amulet of rage]

   It affects your strength (+4).
   It protects you from fire.
   It affects your resistance to hostile enchantments.
   It lets you go berserk.
   It will be destroyed if unequipped.
 j - an uncursed ring of see invisible
 F - an uncursed amulet of harm {unknown}
 O - the amulet of the Two Names {RegenMP rElec rF+ rN++ Dex-2}
   (You found it in the Desolation of Salt)

   [amulet of magic regeneration]

   It increases your magic regeneration.
   It affects your dexterity (-2).
   It protects you from fire.
   It insulates you from electricity.
   It greatly protects you from negative energy.
 P - the ring of Salvation (right hand) {rElec rN+ MR+ Str+3 Stlth+}
   (You found it on level 6 of the Lair of Beasts)

   [ring of strength]

   It affects your strength (+3).
   It insulates you from electricity.
   It protects you from negative energy.
   It affects your resistance to hostile enchantments.
   It makes you more stealthy.
 Q - the amulet of Zaicsutt (around neck) {RegenMP rF+ rC+ MR+}
   (You found it in the Desolation of Salt)

   [amulet of magic regeneration]

   It increases your magic regeneration.
   It protects you from fire.
   It protects you from cold.
   It affects your resistance to hostile enchantments.
 S - an uncursed ring of protection from magic
 U - the amulet of Acishumn {RegenMP -Tele rF++ Str+2 Dex+2}
   (You found it in a labyrinth)

   [amulet of magic regeneration]

   It increases your magic regeneration.
   It affects your strength (+2).
   It affects your dexterity (+2).
   It greatly protects you from fire.
   It prevents most forms of teleportation.
 W - a ring of the Octopus King (left hand) {rF+ AC+1 EV+1 Str+1 Int+1 Dex+1}
   (You found it on level 13 of the Dungeon)

   [ring of protection from fire]

   It affects your AC (+1).
   It affects your evasion (+1).
   It affects your strength (+1).
   It affects your intelligence (+1).
   It affects your dexterity (+1).
   It protects you from fire.
Wands
 w - a wand of paralysis (9)
 B - a wand of digging (15)
 C - a wand of scattershot (12)
 Z - a wand of acid (21)
Scrolls
 g - 4 scrolls of fog
 o - a scroll of identify
 p - 4 scrolls of enchant armour
 q - 4 scrolls of amnesia
 y - 13 scrolls of remove curse
 z - a scroll of magic mapping
 A - 7 scrolls of teleportation
 H - 2 scrolls of blinking
 L - a scroll of enchant weapon
 N - 2 scrolls of fear
Potions
 d - 6 potions of might
 e - 2 potions of invisibility
 i - 5 potions of mutation
 k - 4 potions of ambrosia
 m - 3 potions of haste
 t - a potion of magic
 u - 3 potions of heal wounds
 x - a potion of resistance
 E - 3 potions of brilliance
 G - 2 potions of lignification
 I - 6 potions of berserk rage
 J - 5 potions of flight
 Y - 4 potions of curing
Books
 v - a book of Callings

   Spells                             Type                      Level
   a - Summon Small Mammal            Summoning                    1
   b - Call Imp                       Summoning                    2
   c - Call Canine Familiar           Summoning                    3
   d - Summon Guardian Golem          Hexes/Summoning              3
   e - Summon Lightning Spire         Summoning/Air                4
   f - Summon Ice Beast               Ice/Summoning                4
Comestibles
 f - 28 rations


   Skills:
 + Level 16.5 Fighting
 + Level 17.0 Long Blades
 + Level 15.3 Armour
 + Level 15.1 Dodging
 - Level 5.4 Shields


You had 17 spell levels left.
You didn't know any spells.

Dungeon Overview and Level Annotations

Branches:
Dungeon (15/15)            Temple (1/1) D:5            Lair (6/6) D:9
 Shoals (0/4) Lair:4        Snake (4/4) Lair:2        Slime (0/5) Lair:5
    Orc (2/2) D:10            Elf (3/3) Orc:2        Vaults (0/5) D:13
 Depths (0/5) D:15

Altars:
Ashenzari
Cheibriados
Dithmenos
Elyvilon
Fedhas
Gozag
Hepliaklqana
Kikubaaqudgha
Makhleb
Nemelex Xobeh
Okawaru
Qazlal
Sif Muna
Trog
Uskayaw
Vehumet
Wu Jian
Xom
Yredelemnul
Zin
The Shining One
Beogh

Shops:
D:4 *   Orc:2 [?%}   Elf:2 =   Elf:3 (   Snake:2 ==}

Annotations:
D:13 exclusion: death knight
D:14 Kirke
Snake:3 1 transporter


Innate Abilities, Weirdness & Mutations

You have very sharp fingernails.
You have an unnaturally thin skeletal structure. (Dex +6, Stealth++)
A demonic guardian rushes to your aid.
Your flesh is heat resistant. (rF+)
((Your demonic aura causes spilled blood to erupt in flames.))
Your magical and physical power is enhanced at high health.
You are immune to clouds of flame.
You tend to lose your temper in combat.
Your mind is acute. (Int +2)
You passively map a small area around you.
Your system is resistant to poisons. (rPois)
You are very weak. (Str -4)


Message History

The deep elf master archer shoots an arrow.
The arrow closely misses you.
Your soul eater hits the deep elf master archer.
Unknown command.
You hit the deep elf master archer.
The deep elf master archer is poisoned.
The deep elf master archer is moderately wounded.
The deep elf master archer shoots an arrow.
The arrow hits you!
* * * LOW HITPOINT WARNING * * *
Your soul eater misses the deep elf master archer.
Unknown command.
You slash the deep elf master archer!
The deep elf master archer looks as sick as possible!
The deep elf master archer is moderately wounded.
The deep elf master archer shoots an arrow.
The arrow hits you!!
* * * LOW HITPOINT WARNING * * *
The deep elf master archer shoots an arrow.
The arrow hits you!!
You die...

.)((..............∩..............
.)(..............................
.)().............................
..##########...#####...####'#...#
..+,, ,,#...#..(#...#....#...#
..# , #.(.#...#)..#....#...# ..#
, #.)(#(.(#...#....#...# ..# , .
#e(.+(.(#...#....#...#
).########'#((.#@###.(.######...#
........}..)...e3.(..............
§§...................(...........
§..............).......(.......e.
###############.#...###'#########
e§.# ###...#............ §§....#
* #...#............ .#..... ***
#...#......)..... ....... , *
#...#............


You could see a deep elf master archer and a friendly soul eater.

Vanquished Creatures
  3 deep elf blademasters
  Donald (Elf:2)
  4 nagarajas (Snake:4)
  An imperial myrmidon (Desolation)
  A frost giant (IceCv)
  Aizul (Snake:1)
  3 deep elf sorcerers (Elf:3)
  A deep elf elementalist (Elf:3)
  2 halazid warlocks (Desolation)
  3 deep elf demonologists
  2 deep elf annihilators (Elf:3)
  2 deep elf death magi
  A deep elf high priest (Elf:1)
  2 crystal guardians (Desolation)
  An ogre mage (D:15)
  4 servants of whispers (Desolation)
  3 hydras
  17 naga warriors
  11 ragged hierophants (Desolation)
  The ghost of matthes123 the Thaumaturge, a journeyman GnEE of Vehumet (D:11)
  4 centaur warriors
  10 anacondas
  6 peacekeepers (Desolation)
  23 dancing weapons
  7 two-headed ogres
  9 shock serpents
  An orc high priest (Orc:1)
  A small abomination (Elf:1)
  A hell hog (Volcano)
  A sun demon (Abyss:3)
  12 naga sharpshooters
  Sonja (D:13)
  14 deep elf knights
  2 salamander mystics (Snake:3)
  Nergalle (Lair:4)
  8 sea snakes
  A deep troll (D:13)
  5 unseen horrors
  3 naga ritualists
  3 wizards (D:15)
  13 deep elf archers
  An ugly thing (D:13)
  A lindwurm (Lair:5)
  5 ironbrand convokers (Desolation)
  35 deep elf magi
  3 orc knights
  7 mana vipers
  An oklob plant (Lair:1)
  A cyclops (D:14)
  5 manticores
  5 orc sorcerers
  8 salamanders
  4 elephants (Lair:5)
  9 guardian serpents
  13 naga magi
  3 molten gargoyles
  2 ice statues (IceCv)
  43 black mambas
  9 spiny frogs
  A gargoyle (D:13)
  3 rime drakes
  A kobold demonologist (D:11)
  8 komodo dragons
  2 centaur skeletons
  2 efreet
  3 hornets
  4 trolls
  A wind drake (shapeshifter) (D:13)
  51 saltlings (Desolation)
  16 polar bears
  18 blink frogs
  A slime creature (D:14)
  2 dream sheep (Lair:6)
  12 hippogriffs
  2 air elementals
  14 spriggans (Lair:6)
  7 wraiths
  28 yaks
  2 shadows
  A vampire (D:14)
  A tarantella (shapeshifter) (D:13)
  A water elemental (Elf:3)
  4 fire elementals (Elf:1)
  2 fire bats (Volcano)
  2 basilisks
  4 wyverns
  3 steam dragons (Volcano)
  A chaos spawn (Abyss:3)
  7 vampire mosquitoes
  3 hungry ghosts
  47 nagas
  7 wargs
  10 water moccasins
  2 acid dragons
  6 porcupines
  27 orc warriors
  11 ice beasts
  4 sky beasts
  A phantom (D:14)
  A black bear (shapeshifter) (Elf:1)
  A necrophage (D:10)
  25 wolves
  An eye of draining (D:12)
  A hornet zombie (D:10)
  3 boggarts (Lair:6)
  7 black bears
  32 centaurs
  15 ogres
  15 crocodiles
  2 big kobolds
  An earth elemental (Elf:3)
  16 bullfrogs
  3 water moccasin zombies (Ossuary)
  7 scorpions
  6 wights
  5 howler monkeys
  3 electric eels
  7 crimson imps
  5 lava snakes (Volcano)
  A quasit (D:8)
  3 centaur zombies
  2 hounds
  19 orc priests
  2 jellies
  22 orc wizards
  Crazy Yiuf (D:2)
  Jessica (D:3)
  6 worker ants
  Natasha (thrice) (D:3)
  4 iguanas
  A killer bee zombie (D:9)
  2 big kobold zombies (Ossuary)
  2 hound skeletons
  2 mummies (Ossuary)
  A howler monkey zombie (D:5)
  Robin (D:3)
  7 gnolls
  13 adders
  2 shadow imps (D:6)
  An ooze (D:2)
  2 adder zombies (Ossuary)
  An adder skeleton (D:6)
  5 worms
  3 dart slugs
  6 leopard geckos
  89 orcs
  9 bats
  5 giant cockroaches
  17 goblins
  10 hobgoblins
  10 jackals
  3 ball pythons
  3 frilled lizards
  3 gnoll zombies (Ossuary)
  6 hobgoblin zombies (Ossuary)
  10 kobolds
  6 kobold zombies (Ossuary)
  A leopard gecko skeleton (D:7)
  7 orc zombies (Ossuary)
  10 rats
  A bush (Abyss:2)
  2 pillars of salt (Elf:1)
  A plant (Lair:1)
1129 creatures vanquished.

Vanquished Creatures (collateral kills)
  Vashnia (Snake:3)
  A deep elf master archer (Elf:3)
  3 nagarajas (Snake:4)
  A deep elf sorcerer (Elf:3)
  Josephine (D:12)
  Erolcha (D:9)
  A minotaur (Lab)
  3 hydras
  A naga warrior (Snake:1)
  A catoblepas (D:13)
  2 centaur warriors (D:13)
  2 anacondas
  6 two-headed ogres
  A tengu warrior (D:13)
  An orc high priest (Elf:1)
  6 naga sharpshooters
  The ghost of vatarom the Ducker, a novice GnWn of Ru (D:8)
  A shock serpent (Snake:2)
  2 deep elf knights
  A fire crab (Volcano)
  A deep troll (D:10)
  2 naga ritualists
  An orc knight (Orc:2)
  An orc sorcerer (Orc:2)
  A mana viper (Snake:1)
  3 ugly things
  2 manticores (D:13)
  A deep elf mage (Elf:1)
  Maurice (D:11)
  An elephant (Lair:5)
  5 salamanders
  2 guardian serpents
  2 molten gargoyles
  A gargoyle (D:12)
  7 naga magi
  3 black mambas (Snake:1)
  A centaur skeleton (D:13)
  A kobold demonologist (D:13)
  2 spiny frogs
  2 trolls
  A polar bear (IceCv)
  3 saltlings (Desolation)
  2 slime creatures (D:14)
  A dream sheep (Lair:6)
  A blink frog (Lair:6)
  3 hippogriffs
  A wraith (D:13)
  A spriggan (Lair:6)
  A vampire (D:13)
  Eustachio (D:6)
  8 yaks
  3 steam dragons
  2 vampire mosquitoes (D:12)
  3 wargs
  Edmund (D:4)
  13 nagas
  A hell hound (Volcano)
  A porcupine (Lair:1)
  7 orc warriors
  A sky beast (D:13)
  2 phantoms
  A boggart (Lair:6)
  6 ogres
  7 centaurs
  3 bullfrogs
  A gnoll sergeant (D:12)
  A killer bee (D:13)
  2 crimson imps
  6 orc priests
  8 orc wizards
  An iguana (D:6)
  A leopard gecko (D:7)
  12 orcs
  A kobold (D:11)
184 creatures vanquished.

Vanquished Creatures (others)
  A saltling (Desolation)
  A water elemental (Elf:1)
  An orc priest (Elf:1)
  A hound (D:7)
  An orc wizard (Elf:1)
  2 orcs (Elf:1)
  16 plants
23 creatures vanquished.

Grand Total: 1336 creatures vanquished

Notes
Turn   | Place    | Note
-------+----------+-------------------------------------------
     0 | D:1      | dobroeutro the Demonspawn Fighter began the quest for the Orb.
     0 | D:1      | Reached XP level 1. HP: 18/18 MP: 1/1
    30 | D:1      | Reached skill level 2 in Long Blades
    43 | D:1      | Gained mutation: You have a somewhat thin skeletal structure. (Dex +2, Stealth) [demonic ancestry]
    43 | D:1      | Reached XP level 2. HP: 23/24 MP: 2/2
   450 | D:1      | Reached skill level 3 in Long Blades
   636 | D:1      | Reached XP level 3. HP: 29/29 MP: 3/3
  1180 | D:2      | Found a hide-covered altar of Uskayaw.
  1205 | D:2      | Reached skill level 4 in Long Blades
  1205 | D:2      | Gained mutation: You have a moderately thin skeletal structure. (Dex +4, Stealth+) [demonic ancestry]
  1205 | D:2      | Reached XP level 4. HP: 13/35 MP: 4/4
  1455 | D:2      | Found a runed door.
  2142 | D:2      | Reached XP level 5. HP: 39/41 MP: 5/5
  2271 | D:2      | Noticed Crazy Yiuf
  2281 | D:2      | Killed Crazy Yiuf
  2281 | D:2      | Reached skill level 5 in Long Blades
  2624 | D:3      | Noticed Jessica
  2630 | D:3      | Killed Jessica
  2655 | D:3      | Noticed Natasha
  2666 | D:3      | Killed Natasha
  2666 | D:3      | Gained mutation: A weak demonic guardian rushes to your aid. [demonic ancestry]
  2666 | D:3      | Reached XP level 6. HP: 21/47 MP: 6/6
  3116 | D:3      | Noticed Natasha
  3409 | D:2      | Reached skill level 6 in Long Blades
  3576 | D:3      | Killed Natasha
  3889 | D:3      | Noticed Natasha
  3898 | D:3      | Killed Natasha
  3982 | D:3      | Found a shattered altar of Ashenzari.
  4238 | D:4      | Noticed Robin
  4303 | D:3      | Killed Robin
  4856 | D:4      | Reached skill level 7 in Long Blades
  4856 | D:4      | Gained mutation: A demonic guardian rushes to your aid. [demonic ancestry]
  4856 | D:4      | Reached XP level 7. HP: 39/52 MP: 4/7
  4860 | D:4      | Found a shimmering altar of Xom.
  4894 | D:4      | Found Codiaz's General Store.
  4920 | D:4      | Noticed Edmund
  4936 | D:4      | Killed Edmund
  5169 | D:5      | Entered Level 5 of the Dungeon
  5197 | D:5      | Found a sand-covered staircase.
  5269 | Ossuary  | Entered an ossuary
  5737 | Ossuary  | Reached skill level 8 in Long Blades
  5976 | D:5      | Found a staircase to the Ecumenical Temple.
  5976 | D:5      | Noticed a troll
  5994 | D:5      | Killed a troll
  5994 | D:5      | Gained mutation: Your flesh is heat resistant. (rF+) [demonic ancestry]
  5994 | D:5      | Reached XP level 8. HP: 56/58 MP: 8/8
  6012 | D:5      | Reached skill level 9 in Long Blades
  6363 | D:5      | Reached skill level 1 in Dodging
  6567 | D:5      | HP: 2/58 [orc priest/divine providence (10)]
  6919 | Temple   | Entered the Ecumenical Temple
  6948 | Temple   | Became a worshipper of Dithmenos the Shadowed
  7184 | D:6      | Noticed Eustachio
  7227 | D:6      | Killed Eustachio
  7227 | D:6      | Gained mutation: You have sharp fingernails. [demonic ancestry]
  7227 | D:6      | Reached XP level 9. HP: 65/65 MP: 9/9
  7751 | D:7      | Found an ancient bone altar of Kikubaaqudgha.
  7778 | D:7      | Reached * piety under Dithmenos
  7824 | D:7      | Found an opulent altar of Gozag.
  8154 | D:7      | Found a snail-covered altar of Cheibriados.
  8203 | D:8      | Reached skill level 5 in Fighting
  8275 | D:8      | Noticed vatarom's ghost (novice GnWn)
  8604 | D:8      | Killed vatarom's ghost
  9004 | D:8      | Reached skill level 5 in Armour
  9055 | D:8      | Reached skill level 5 in Shields
  9095 | D:8      | Noticed a two-headed ogre
  9099 | D:8      | Killed a two-headed ogre
  9099 | D:8      | Reached skill level 10 in Long Blades
  9099 | D:8      | Gained mutation: You have an unnaturally thin skeletal structure. (Dex +6, Stealth++) [demonic ancestry]
  9099 | D:8      | Reached XP level 10. HP: 64/76 MP: 8/10
  9251 | D:8      | Found a hazy altar of Hepliaklqana.
  9540 | D:9      | Reached ** piety under Dithmenos
  9597 | D:9      | Noticed Erolcha
  9601 | D:9      | Killed Erolcha
  9684 | D:9      | Noticed a two-headed ogre
  9690 | D:9      | Killed a two-headed ogre
  9700 | D:9      | Found a bloodstained altar of Trog.
  9716 | D:9      | Found a staircase to the Lair.
 10416 | D:10     | Entered Level 10 of the Dungeon
 10485 | D:10     | Reached skill level 5 in Dodging
 10516 | D:10     | Reached *** piety under Dithmenos
 10618 | D:10     | Found a staircase to the Orcish Mines.
 10624 | D:10     | Noticed an unseen horror
 10639 | D:10     | Killed an unseen horror
 11091 | D:10     | Found a runed door.
 11380 | D:10     | Noticed a two-headed ogre
 11380 | D:10     | Noticed a fire giant
 11386 | D:10     | Killed a two-headed ogre
 11399 | D:10     | Noticed a deep troll
 11400 | D:10     | Noticed a yaktaur captain
 11926 | D:11     | Noticed a two-headed ogre
 11937 | D:11     | Killed a two-headed ogre
 11937 | D:11     | Gained mutation: You are immune to clouds of flame. [demonic ancestry]
 11937 | D:11     | Reached XP level 11. HP: 84/84 MP: 11/11
 11991 | D:11     | Noticed an unseen horror
 12003 | D:11     | Killed an unseen horror
 12022 | D:11     | Noticed a purple ugly thing
 12023 | D:11     | Noticed a two-headed ogre
 12032 | D:11     | Killed a two-headed ogre
 12070 | D:11     | Killed a purple ugly thing
 12070 | D:11     | Reached **** piety under Dithmenos
 12135 | D:11     | Noticed a brown ugly thing
 12149 | D:11     | Killed a brown ugly thing
 12149 | D:11     | Reached skill level 11 in Long Blades
 12266 | D:11     | Noticed matthes123's ghost (journeyman GnEE)
 12299 | D:11     | Killed matthes123's ghost
 12505 | D:11     | Noticed an unseen horror
 12539 | D:11     | Killed an unseen horror
 12586 | D:11     | Noticed Maurice
 12594 | D:11     | Killed Maurice
 12997 | D:11     | Reached ***** piety under Dithmenos
 13486 | D:12     | Noticed Josephine
 13506 | D:12     | Killed Josephine
 14140 | D:13     | Reached XP level 12. HP: 93/94 MP: 12/12
 14176 | D:13     | Noticed a centaur warrior
 14189 | D:13     | Killed a centaur warrior
 14545 | D:13     | Found a gate to the Vaults.
 14545 | D:13     | Noticed a two-headed ogre
 14552 | D:13     | Killed a two-headed ogre
 14579 | D:13     | Noticed Sonja
 14602 | D:13     | Killed Sonja
 14638 | D:13     | Noticed a tengu warrior
 14641 | D:13     | Gained mutation: You tend to lose your temper in combat. [potion of mutation]
 14641 | D:13     | Gained mutation: Your mind is acute. (Int +2) [potion of mutation]
 14641 | D:13     | Gained mutation: You passively map a small area around you. [potion of mutation]
 14641 | D:13     | Gained mutation: Your system is resistant to poisons. (rPois) [potion of mutation]
 14651 | D:13     | Killed a tengu warrior
 14915 | D:13     | Noticed a catoblepas
 14972 | D:13     | Reached skill level 12 in Long Blades
 14974 | D:13     | Killed a catoblepas
 15072 | D:13     | Noticed a centaur warrior
 15087 | D:13     | Killed a centaur warrior
 15302 | D:13     | Noticed a death knight
 15363 | D:13     | Noticed an eight-headed hydra
 15399 | D:13     | Killed a nine-headed hydra
 15406 | D:13     | Reached skill level 10 in Fighting
 15623 | D:13     | Noticed a two-headed ogre
 15634 | D:13     | Killed a two-headed ogre
 15661 | D:13     | Noticed a two-headed ogre
 15665 | D:13     | Killed a two-headed ogre
 15695 | D:13     | Found the ring of the Octopus King
 15697 | D:13     | Got a ring of the Octopus King
 15713 | D:13     | Noticed a centaur warrior
 15719 | D:13     | Killed a centaur warrior
 15735 | D:13     | Noticed a centaur warrior
 15745 | D:13     | Killed a centaur warrior
 15745 | D:13     | Gained mutation: You have very sharp fingernails. [demonic ancestry]
 15745 | D:13     | Reached XP level 13. HP: 28/103 MP: 4/13
 15983 | D:13     | Reached ****** piety under Dithmenos
 17909 | D:14     | Found a white marble altar of Elyvilon.
 17980 | D:14     | Noticed Kirke
 18316 | Orc:1    | Entered Level 1 of the Orcish Mines
 18390 | Orc:1    | Reached skill level 10 in Armour
 18686 | Orc:2    | Entered Level 2 of the Orcish Mines
 18710 | Orc:2    | Found a staircase to the Elven Halls.
 18725 | Orc:2    | Found a labyrinth entrance.
 18772 | Lab      | Entered a labyrinth
 18870 | Lab      | Noticed a minotaur
 18881 | Lab      | Killed a minotaur
 18889 | Lab      | Got a sparkling silver amulet
 18922 | Lab      | Identified the amulet of Acishumn {RegenMP -Tele rF++ Str+2 Dex+2} (You found it in a labyrinth)
 19209 | Orc:2    | Identified a ring of the Octopus King {rF+ AC+1 EV+1 Str+1 Int+1 Dex+1} (You found it on level 13 of the Dungeon)
 19984 | Orc:2    | Reached skill level 13 in Long Blades
 19988 | Orc:2    | Found Poadeiqof's Magic Scroll Boutique.
 19988 | Orc:2    | Found Guodghibe's Food Emporium.
 19990 | Orc:2    | Found Ytte's Gadget Shoppe.
 19992 | Orc:2    | Found Igrybbeu's Armour Shop.
 20008 | Orc:2    | Bought a +2 shield of positive energy for 240 gold pieces
 20121 | Orc:1    | Reached skill level 10 in Dodging
 20212 | Orc:1    | Found a roughly hewn altar of Beogh.
 20497 | Lair:1   | Entered Level 1 of the Lair of Beasts
 20816 | Lair:1   | Gained mutation: Your magical and physical power is slightly enhanced at high health. [demonic ancestry]
 20816 | Lair:1   | Reached XP level 14. HP: 113/113 MP: 14/14
 21730 | Lair:2   | Found a frozen archway.
 21748 | IceCv    | Entered an ice cave
 22307 | IceCv    | Noticed a frost giant
 22379 | IceCv    | Killed a frost giant
 23103 | Lair:2   | Found a staircase to the Snake Pit.
 24943 | Lair:4   | Noticed Nergalle
 24951 | Lair:4   | Killed Nergalle
 25061 | Lair:4   | Found a staircase to the Shoals.
 25750 | Lair:5   | Found a dark tunnel.
 25759 | Volcano  | Entered a volcano
 26098 | Volcano  | Found a radiant altar of Vehumet.
 26196 | Volcano  | Got an ichor-stained quarterstaff
 26206 | Volcano  | Identified the cursed +0 quarterstaff "Kinoag" {drain, rF+ Dex+2 SInv} (You found it in a volcano)
 26371 | Lair:5   | Found a staircase to the Slime Pits.
 26847 | Lair:6   | Entered Level 6 of the Lair of Beasts
 26898 | Lair:6   | Reached skill level 14 in Long Blades
 27042 | Lair:6   | Reached XP level 15. HP: 82/122 MP: 8/15
 27389 | Lair:6   | Got a pitted ivory ring
 27390 | Lair:6   | Identified the ring of Salvation {rElec rN+ MR+ Str+3 Stlth+} (You found it on level 6 of the Lair of Beasts)
 28363 | D:15     | Entered Level 15 of the Dungeon
 28653 | D:15     | Cast into level 2 of the Abyss (a wizard)
 28656 | Abyss:2  | Found a corrupted altar of Lugonu.
 28766 | Abyss:3  | Noticed a profane servitor
 28835 | D:15     | Escaped the Abyss
 28855 | D:15     | Found a staircase to the Depths.
 29415 | Snake:1  | Entered Level 1 of the Snake Pit
 30385 | Snake:1  | Noticed Aizul
 30407 | Snake:1  | Killed Aizul
 32230 | Snake:2  | Found Mauphots's Jewellery Shoppe.
 32232 | Snake:2  | Found Dole's Gadget Shop.
 32233 | Snake:2  | Found Pycy's Jewellery Shoppe.
 32257 | Snake:2  | Gained mutation: Your magical and physical power is enhanced at high health. [demonic ancestry]
 32257 | Snake:2  | Reached XP level 16. HP: 109/132 MP: 16/16
 32956 | Snake:3  | Noticed Vashnia
 33169 | Snake:3  | Reached skill level 15 in Long Blades
 34187 | Snake:3  | Killed Vashnia
 34517 | Snake:3  | Found a transporter.
 34518 | Snake:3  | Found a radiant altar of Vehumet.
 34755 | Snake:3  | Gained mutation: You are weak. (Str -2) [mutagenic glow]
 34780 | Snake:3  | Gained mutation: You are very weak. (Str -4) [mutagenic glow]
 35210 | Snake:4  | Entered Level 4 of the Snake Pit
 36233 | Snake:4  | Found a glowing golden altar of the Shining One.
 37752 | Snake:4  | Gained mutation: Your demonic aura causes spilled blood to erupt in flames. [demonic ancestry]
 37752 | Snake:4  | Reached XP level 17. HP: 100/140 MP: 17/17
 38696 | Snake:4  | HP: 7/140 [poisoned by a nagaraja (poison arrow)]
 38701 | Snake:4  | HP: 5/140 [poisoned by a nagaraja (poison arrow)]
 38706 | Snake:4  | HP: 3/140 [poisoned by a nagaraja (poison arrow)]
 38711 | Snake:4  | HP: 3/140 [poisoned by a nagaraja (poison arrow)]
 38718 | Snake:4  | HP: 3/140 [poisoned by a nagaraja (poison arrow)]
 38726 | Snake:4  | HP: 4/140 [poisoned by a nagaraja (poison arrow)]
 39353 | Snake:4  | Reached skill level 15 in Fighting
 39707 | Snake:4  | Got a serpentine rune of Zot
 39958 | Elf:1    | Entered Level 1 of the Elven Halls
 40041 | Elf:1    | Found a ruined gateway.
 40112 | Desolati | Entered the Desolation of Salt
 40151 | Desolati | Found the +2 shield of Resistance {rF+ rC+ MR+}
 40448 | Desolati | Got a vibrating emerald amulet
 40449 | Desolati | Identified the amulet of the Two Names {RegenMP rElec rF+ rN++ Dex-2} (You found it in the Desolation of Salt)
 40451 | Desolati | Identified the +6 hand axe of Irufuj {freeze, *Slow rF- rC++ Int+3} (You found it in the Desolation of Salt)
 40482 | Desolati | Got a slimy ruby amulet
 40483 | Desolati | Identified the amulet "Eshrixu" {Fragile +Rage rF+ MR++ Str+4} (You found it in the Desolation of Salt)
 40628 | Desolati | Reached skill level 16 in Long Blades
 41060 | Desolati | Identified the ring "Myemmott" {+Fly Dex+7} (You found it in the Desolation of Salt)
 41063 | Desolati | Identified the ring "Nesiyn" {MR+ Str+4 Int+4 SInv} (You found it in the Desolation of Salt)
 41065 | Desolati | Identified the Catalogue of Frigorific Creation
 41474 | Desolati | Identified the Reference Book on Calling
 41485 | Desolati | Got a warped amethyst amulet
 41499 | Desolati | Got a distressingly furry chain mail
 41510 | Desolati | Identified the +2 chain mail of Tennam {-Tele rPois rCorr} (You found it in the Desolation of Salt)
 41729 | Desolati | Reached XP level 18. HP: 150/151 MP: 18/18
 41845 | Elf:1    | Identified the amulet of Zaicsutt {RegenMP rF+ rC+ MR+} (You found it in the Desolation of Salt)
 43168 | Elf:2    | Found a runed gate.
 43168 | Elf:2    | Found a runed gate.
 43168 | Elf:2    | Found a runed gate.
 43317 | Elf:2    | Found Cuog Iwu's Jewellery Boutique.
 43335 | Elf:2    | Noticed Donald
 43351 | Elf:2    | Killed Donald
 43590 | Elf:2    | Reached skill level 15 in Armour
 44859 | Elf:3    | Entered Level 3 of the Elven Halls
 44977 | Elf:3    | Found Inuam's Weapon Emporium.
 45395 | Elf:3    | Reached skill level 15 in Dodging
 45724 | Elf:3    | Noticed a Brimstone Fiend
 45910 | Elf:3    | Reached skill level 17 in Long Blades
 45954 | Elf:3    | HP: 6/153 [deep elf master archer/arrow (24)]
 45954 | Elf:3    | Shot with an arrow by a deep elf master archer

Skill      XL: |  1  2  3  4  5  6  7  8  9 10 11 12 13 14 15 16 17 18 |
---------------+-------------------------------------------------------+-----
Long Blades    | 2 3 4 5 7 8 9 10 11 12 13 14 15 16 17 | 17.0
Armour         | 3 5 6 8 9 10 11 12 13 14 15 | 15.3
Dodging        | 2 4 5 7 9 10 11 12 13 14 15 | 15.1
Shields        | 3 5 |  5.4
Fighting       | 4 5 7 8 10 11 12 13 14 15 16 | 16.5

Action                   |  1- 3 |  4- 6 |  7- 9 | 10-12 | 13-15 | 16-18 || total
-------------------------+-------+-------+-------+-------+-------+-------++-------
Melee: Long sword        |   111 |   286 |   428 |    41 |       |       ||   866
       Scimitar          |       |       |       |   658 |  1615 |  1475 ||  3748
Evoke: Wand              |       |       |       |     1 |       |       ||     1
  Use: Scroll            |       |       |     9 |     6 |    20 |    24 ||    59
       Potion            |       |       |     6 |     2 |     1 |     8 ||    17
 Stab: Distracted        |       |       |     2 |       |    18 |    25 ||    45
       Sleeping          |       |       |     1 |    26 |    35 |    34 ||    96
       Petrified         |       |       |       |     2 |       |       ||     2
       Petrifying        |       |       |       |     1 |       |       ||     1
  Eat: Chunk             |       |     9 |     5 |     8 |    31 |    18 ||    71
       Ration            |       |     1 |     4 |     4 |     7 |     8 ||    24
Armor: Scale mail        |    57 |   121 |   111 |       |   243 |   146 ||   678
       Steam dragon scal |       |       |    24 |   132 |    33 |    53 ||   242
Dodge: Dodged            |    34 |    81 |   132 |   305 |   924 |   814 ||  2290
Block: Shield            |    68 |   146 |   202 |   317 |   924 |   764 ||  2421
       Rpst.: Long sword |    15 |    28 |    43 |     3 |       |       ||    89
       Scimitar          |       |       |       |    90 |   210 |   161 ||   461
